 Dungeon Crawl Stone Soup version 0.19.3-1-g3169bf9 (webtiles) character file.

1059 Alarkh the Cleaver (level 8, -2/60 HPs)
             Began as a Demonspawn Monk on Jan 26, 2017.
             Was a Believer of Okawaru.
             Slain by an ogre
             ... wielding a +0 giant club
              (17 damage)
             ... on level 5 of the Dungeon.
             The game lasted 00:08:02 (6074 turns).

Alarkh the Cleaver (Demonspawn Monk)                Turns: 6074, Time: 00:08:03

Health: -2/60      AC:  5    Str: 11    XL:     8   Next: 6%
Magic:  0/9        EV: 14    Int: 14    God:    Okawaru [**....]
Gold:   241        SH:  0    Dex: 22    Spells: 0 memorised, 7 levels left

rFire  . . .     SeeInvis .     b - +0 rod of shadows (7/12)
rCold  . . .     Gourm    .     m - +0 robe (curse)
rNeg   . . .     Faith    .     (no shield)
rPois  .         Spirit   +     (helmet restricted)
rElec  .         Reflect  .     (no cloak)
rCorr  .         Harm     .     (no gloves)
MR     .....                    d - +0 pair of boots
Stlth  ++++......               (no amulet)
                                v - +4 ring of dexterity
                                E - +2 ring of dexterity

@: starving
A: antennae 1, iridescent scales 1, nightstalker 2, magic shield
a: Heroism, Renounce Religion


You were on level 5 of the Dungeon.
You worshipped Okawaru.
Okawaru was pleased with you.
You were starving.

You visited 1 branch of the dungeon, and saw 5 of its levels.

You collected 241 gold pieces.

Inventory:

Hand Weapons
 a - a +0 hand axe
Armour
 d - a +0 pair of boots (worn)
 m - a cursed +0 robe (worn)
 w - a +0 robe
Rods
 b - a +0 rod of shadows (7/12) (in hand)
   (You found it on level 3 of the Dungeon)
Jewellery
 f - an uncursed ring of flight
 i - an uncursed ring of see invisible
 p - an uncursed ring of resist corrosion
 v - a +4 ring of dexterity (right hand)
 E - a +2 ring of dexterity (left hand)
Wands
 D - a wand of iceblast (6/15)
 G - a wand of lightning (8/15)
Scrolls
 e - a scroll of identify
 h - 2 scrolls of enchant armour {unknown}
 j - 3 scrolls of blinking {unknown}
 n - 2 scrolls of fear {unknown}
 q - 2 scrolls of recharging {unknown}
 t - 2 scrolls of teleportation {unknown}
 y - 2 scrolls of magic mapping {unknown}
 F - a scroll of enchant weapon {unknown}
 H - a scroll of amnesia {unknown}
 I - a scroll of remove curse {unknown}
Potions
 g - 3 potions of heal wounds
 k - 2 potions of invisibility {unknown}
 l - a potion of flight
 o - 2 potions of curing
 r - a potion of mutation
 s - a potion of cure mutation
 z - a potion of magic
 A - a potion of brilliance {unknown}
 B - a potion of degeneration {unknown}
Books
 x - a book of Conjurations

   Spells                             Type                      Level
   a - Magic Dart                     Conjuration                  1
   b - Searing Ray                    Conjuration                  2
   c - Dazzling Spray                 Conjuration/Hexes            3
   d - Fulminant Prism                Conjuration/Hexes            4
   e - Iskenderun's Mystic Blast      Conjuration                  4
   f - Iskenderun's Battlesphere      Conjuration/Charms           5
Comestibles
 c - 4 bread rations
 u - a slice of pizza
 C - a royal jelly


   Skills:
 + Level 3.8 Fighting
 * Level 8.4 Axes
 + Level 3.0 Dodging
 - Level 1.7 Stealth
 + Level 1.6 Invocations
 + Level 1.4 Evocations


You had 7 spell levels left.
You didn't know any spells.

Dungeon Overview and Level Annotations

Branches:
Dungeon (5/15)             Temple (0/1) D:5

Altars:
Cheibriados
Gozag
Makhleb
Nemelex Xobeh
Okawaru
Ru
Trog
The Shining One


Innate Abilities, Weirdness & Mutations

You have a pair of small antennae on your head.
You are partially covered in iridescent scales. (AC +2)
You are significantly more attuned to the shadows.
When hurt, damage is shared between your health and your magic reserves.


Message History

You hit the ogre.
The ogre is lightly wounded.
The ogre closely misses you.
You hit the ogre.
The ogre is moderately wounded.
The ogre barely misses you.
You hit the ogre but do no damage.
The ogre is moderately wounded.
The ogre hits you with a giant club!!
You hit the ogre.
The ogre is heavily wounded.
You hit the ogre.
The ogre is heavily wounded.
The ogre hits you with a giant club!!
* * * LOW HITPOINT WARNING * * *
b - a +0 rod of shadows (12/12) (in hand) Wisps of shadow whirl around you...
You are starving!
The ogre hits you with a giant club!!
You die...

#.. #.# #.# +# #. #.#
..# #.# #.. ...# ####.#
### ....# ##..#.# #
.....####.⌠.⌠.#########
.....O@...._...........
....5####.⌠.⌠.#########
....# ##..#.# # ...#
####.# # ).# #.# # +#
..# # .##


You could see an ogre and a friendly shadow imp.

Vanquished Creatures
  Eustachio (D:4)
  2 ogres
  4 scorpions
  A crimson imp (D:5)
  3 hounds
  2 orc wizards
  An iguana (D:4)
  A worker ant (D:5)
  A hound skeleton (D:5)
  Robin (D:1)
  2 gnolls (D:4)
  7 adders
  3 oozes (D:1)
  A worm (D:2)
  4 dart slugs
  A leopard gecko (D:2)
  4 orcs
  4 bats
  4 giant cockroaches
  14 goblins
  14 hobgoblins
  8 jackals
  3 ball pythons
  5 frilled lizards
  5 kobolds
  A leopard gecko skeleton (D:4)
  5 rats
102 creatures vanquished.

Vanquished Creatures (collateral kills)
  2 ogres
  An orc priest (D:4)
  2 orc wizards (D:4)
  A gnoll (D:4)
  4 orcs (D:4)
10 creatures vanquished.

Grand Total: 112 creatures vanquished

Notes
Turn   | Place    | Note
-------+----------+-------------------------------------------
     0 | D:1      | Alarkh the Demonspawn Monk began the quest for the Orb.
     0 | D:1      | Reached XP level 1. HP: 18/18 MP: 1/1
   173 | D:1      | Reached skill level 3 in Axes
   187 | D:1      | Gained mutation: When hurt, damage is shared between your health and your magic reserves. [demonic ancestry]
   187 | D:1      | Reached XP level 2. HP: 13/24 MP: 2/2
   594 | D:1      | Reached XP level 3. HP: 28/29 MP: 3/3
   890 | D:1      | Reached skill level 4 in Axes
   989 | D:2      | Noticed Robin
  1089 | D:1      | HP: 1/29 [Robin/mace (4)]
  1117 | D:1      | Killed Robin
  1655 | D:2      | Gained mutation: You are partially covered in iridescent scales. (AC +2) [demonic ancestry]
  1655 | D:2      | Reached XP level 4. HP: 35/35 MP: 4/4
  1822 | D:2      | Reached skill level 5 in Axes
  2286 | D:3      | Gained mutation: You have a pair of small antennae on your head. [demonic ancestry]
  2286 | D:3      | Reached XP level 5. HP: 39/41 MP: 5/5
  2383 | D:3      | Found a burning altar of Makhleb.
  2773 | D:3      | Found a glowing golden altar of the Shining One.
  3280 | D:4      | Reached skill level 6 in Axes
  3364 | D:4      | Noticed an ogre
  3397 | D:4      | Killed an ogre
  3397 | D:4      | Gained mutation: You are slightly more attuned to the shadows. [demonic ancestry]
  3397 | D:4      | Reached XP level 6. HP: 32/47 MP: 3/6
  3477 | D:4      | Identified a +0 rod of shadows (12/12) (You found it on level 3 of the Dungeon)
  3636 | D:4      | Noticed Eustachio
  3664 | D:4      | Killed Eustachio
  3664 | D:4      | Reached skill level 7 in Axes
  4008 | D:4      | Reached XP level 7. HP: 38/52 MP: 4/7
  4118 | D:4      | Found an opulent altar of Gozag.
  4277 | D:4      | Found a snail-covered altar of Cheibriados.
  4277 | D:4      | Found a bloodstained altar of Trog.
  4277 | D:4      | Found an iron altar of Okawaru.
  4374 | D:4      | Found a sacrificial altar of Ru.
  4378 | D:4      | Became a worshipper of Warmaster Okawaru
  4378 | D:4      | Reached * piety under Okawaru
  4378 | D:4      | Reached ** piety under Okawaru
  4496 | D:4      | Reached skill level 8 in Axes
  5133 | D:5      | Entered Level 5 of the Dungeon
  5193 | D:5      | Reached skill level 1 in Invocations
  5193 | D:5      | Reached skill level 1 in Evocations
  5304 | D:5      | Found a staircase to the Ecumenical Temple.
  5773 | D:5      | Gained mutation: You are significantly more attuned to the shadows. [demonic ancestry]
  5773 | D:5      | Reached XP level 8. HP: 48/60 MP: 9/9
  6053 | D:5      | Found a sparkling altar of Nemelex Xobeh.
  6074 | D:5      | Slain by an ogre

Skill      XL: |  1  2  3  4  5  6  7 |
---------------+----------------------+-----
Axes           | 3 4 5 6 7 8 |  8.4
Invocations    | 1 |  1.6
Evocations     | 1 |  1.4
Dodging        | 3 |  3.0
Fighting       | |  3.8
Stealth        | |  1.7

Action                   |  1- 3 |  4- 6 |  7- 9 || total
-------------------------+-------+-------+-------++-------
Melee: Hand axe          |   125 |   223 |   189 ||   537
Evoke: Rod               |       |     4 |     7 ||    11
  Use: Potion            |     1 |     2 |     1 ||     4
       Scroll            |       |     3 |     2 ||     5
 Stab: Sleeping          |     4 |     2 |     4 ||    10
  Eat: Chunk             |     2 |     8 |     9 ||    19
Armor: Robe              |    20 |    60 |    33 ||   113
       Skin              |     6 |    28 |       ||    34
Dodge: Dodged            |    91 |   155 |   130 ||   376
